Cogmind - Beta 16 @@@ ROGUE MODE // 2025.12.25 @ 21:53:26 Player: legato Result: Destroyed by G-47 Trooper with Particle Gun Performance ------------- Evolutions (2) 1000 Regions Visited (4) 800 Robots Destroyed (5) 25 Value Destroyed (154) 154 Prototype IDs (1) 20 Alien Tech Used (0) 0 Bonus (0) 0 TOTAL SCORE: 1999 Bonus ------- None Cogmind --------- Core Integrity 0/550 Matter 229/300 Energy 130/250 System Corruption 5% Temperature Cool (9) Movement Core (150) Ox2 Location -8/Materials Parts ------- > --- POWER (1) -------- Ion Engine > --- PROPULSION (4) --- (None) > --- UTILITY (3) ------ (None) > --- WEAPON (3) ------- Light Assault Rifle Light Assault Rifle > --- INVENTORY (5) ---- (None) Peak State ------------ > --- POWER ------------ Micro Nuclear Core > --- PROPULSION ------- Aluminum Leg Aluminum Leg > --- UTILITY ---------- Small Storage Unit Sensor Array Improved Trap Extractor > --- WEAPON ----------- Subdweller Machine Gun Grenade Launcher > --- INVENTORY -------- Ion Engine Light Treads Light Treads Small Laser [Rating: 15] Favorites ----------- Power Ion Engine Engine Ion Engine Power Core Micro Nuclear Core Propulsion Aluminum Leg Treads Light Treads Leg Aluminum Leg Utility Sensor Array Device Sensor Array Storage Small Storage Unit Weapon Medium Laser Energy Gun Medium Laser Ballistic Gun Subdweller Machine Gun Launcher Grenade Launcher Build | -11 -10 -10 -10 -8 ------- Run | Yrd Mat Min Sub Mat Slots Evolved 4 | . . . . 4 Power . | . . . . . Propulsion 2 | . . . . 2 Utility 1 | . . . . 1 Weapon 1 | . . . . 1 Parts Attached 17 | 5 4 2 1 5 Power 3 | 1 1 . . 1 Engine 2 | 1 1 . . . Core 1 | . . . . 1 Reactor . | . . . . . Propulsion 4 | 1 2 . . 1 Treads 2 | . 1 . . 1 Leg 2 | 1 1 . . . Wheel . | . . . . . Hover . | . . . . . Flight . | . . . . . Utility 3 | 1 1 1 . . Device 2 | . 1 1 . . Storage 1 | 1 . . . . Processor . | . . . . . Hackware . | . . . . . Protection . | . . . . . Artifact . | . . . . . Weapon 7 | 2 . 1 1 3 Energy Gun 3 | 2 . . . 1 Energy Cannon . | . . . . . Ballistic Gun 3 | . . . 1 2 Ballistic Cannon . | . . . . . Launcher 1 | . . 1 . . Special Weapon . | . . . . . Impact Weapon . | . . . . . Slashing Weapon . | . . . . . Piercing Weapon . | . . . . . Special Melee Weapon . | . . . . . Unidentified Prototypes 1 | . . . . 1 Corrupted Parts 1 | . . . . 1 System Corruption 5 | . . . . 5 Parts Lost 8 | . . . . 8 Power 1 | . . . . 1 Propulsion 2 | . . . . 2 Utility 1 | . . . . 1 Weapon 4 | . . . . 4 Highest Loss Streak 7 | . . . . 7 To Critical Strikes . | . . . . . Average Backups 4 | 3 4 5 4 3 Power . | . . . . . Propulsion 2 | 2 2 2 2 1 Utility . | . . . 1 . Weapon 1 | . 1 2 1 . Tool/Special . | . . . . . Unused Backups 5 | 2 . 2 1 . Power . | . . . . . Propulsion 2 | 2 . . . . Utility . | . . . . . Weapon 3 | . . 2 1 . Tool/Special . | . . . . . Average Slot Usage (%) 85 | . 87 100 100 55 Engine 10 | . 13 14 14 2 Core 1 | . . . . 4 Leg 21 | . 19 28 28 12 Device 16 | . 11 19 28 13 Storage 8 | . 14 8 . 7 Energy Gun 15 | . 28 22 4 1 Ballistic Gun 2 | . . . 9 6 Launcher 5 | . . 5 14 5 Peak Build Rating 15 | 5 7 10 11 15 Average Rating 8 | 4 6 8 10 11 On Entrance 6 | . 5 7 10 11 Avg Prop Armor Cover (%) . | . . . . . Naked Turns 13 | . . . . 13 Heaviest Build 22 | 11 14 16 16 22 Greatest Support 40 | 10 20 20 20 40 Greatest Overweight (x) 6 | 2 1 . . 6 Average Overweight (x) . | . . . . 1 Largest Inventory Capacity 8 | 8 8 8 5 8 Average Capacity 7 | 7 8 6 5 7 Most Carried 6 | 5 5 6 5 4 Average Carried 4 | 3 4 4 4 2 Final Capacity 8 | 8 8 5 5 5 Final Carried 5 | 5 5 5 4 . Class Distribution -------------------- 100% | Mutant Dominant Class ---------------- Mutant | -10/Materials Mutant | -10/Mines Mutant | -10/Subcaves Mutant | -8/Materials Resources | -11 -10 -10 -10 -8 ----------- Run | Yrd Mat Min Sub Mat Matter Collected 378 | 189 81 69 . 39 Remotely . | . . . . . Salvage Created 151 | . . . 14 137 Parts 12 | . . . 2 10 Haulers Intercepted . | . . . . . Recyclers Shooed 1 | 1 . . . . Parts Field Recycled . | . . . . . Retrieved Matter . | . . . . . Parts Self-Destructed . | . . . . . Prevented . | . . . . . Parts Restored . | . . . . . Kills | -11 -10 -10 -10 -8 ------- Run | Yrd Mat Min Sub Mat Combat Hostiles Destroyed 5 | . . . 1 4 Guns 4 | . . . . 4 AOE 1 | . . . 1 . Classes Destroyed 3 | . . . 1 2 Swarmer 2 | . . . . 2 Grunt 2 | . . . . 2 Subdweller 1 | . . . 1 . Best Kill Streak 2 | . . . 1 2 Combat Bots Only 2 | . . . 1 2 Max Kills in Single Turn 1 | . . . 1 1 Gunslinging . | . . . . . Exploded 1 | . . . 1 . Melee . | . . . . . Uniques/NPCs Destroyed . | . . . . . Combat | -11 -10 -10 -10 -8 -------- Run | Yrd Mat Min Sub Mat Hostile Shots Fired 151 | . . . 2 149 Missed 48 | . . . 2 46 Hits 103 | . . . . 103 Projectile 103 | . . . . 103 Critical Strikes 5 | . . . . 5 Damage Taken 1410 | . . 26 5 1379 Core 580 | . . 26 . 554 Absorbed by Shields . | . . . . . Core Remaining (%) 94 | 100 . . 89 . Volleys Fired 28 | 8 . . 2 18 Largest 2 | 2 . . 2 2 Hottest 90 | 90 . . 80 70 Shots Fired 39 | 9 . . 4 26 Gun 37 | 9 . . 2 26 Cannon . | . . . . . Launcher 2 | . . . 2 . Special . | . . . . . Kinetic 15 | . . . . 15 Thermal 13 | 9 . . 2 2 Explosive 2 | . . . 2 . Electromagnetic 9 | . . . . 9 Robot Hit Streak 6 | 3 . . 3 6 Robot Miss Streak 2 | 1 . . 1 2 Penetration Max . | . . . . . Secondary Targets . | . . . . . Shots Hit Robots 29 | 6 . . 3 20 Core Hits 14 | 1 . 1 2 10 Critical Kills . | . . . . . Critical Parts Destroyed . | . . . . . Critical Strikes . | . . . . . Melee Attacks . | . . . . . Impact . | . . . . . Slashing . | . . . . . Piercing . | . . . . . Sneak Attacks . | . . . . . Combat Hostiles . | . . . . . Follow-up Attacks . | . . . . . Damage Inflicted 497 | 71 . 2 102 322 Guns 406 | 71 . . 13 322 Cannons . | . . . . . Explosions 89 | . . . 89 . Melee . | . . . . . Ramming 2 | . . 2 . . Kinetic 115 | . . . . 115 Thermal 106 | 71 . . 13 22 Explosive 89 | . . . 89 . Electromagnetic 185 | . . . . 185 Impact . | . . . . . Slashing . | . . . . . Piercing . | . . . . . Highest Corruption 5 | . . . . 5 Average Corruption 5 | . . . . 5 Corruption Purged . | . . . . . Corruption Blocked . | . . . . . Effects 1 | . . . . 1 Matter Fused 1 | . . . . 1 Overload Shots . | . . . . . Overflow Damage . | . . . . . Projectiles . | . . . . . Explosions . | . . . . . Melee . | . . . . . Knockbacks . | . . . . . Impact . | . . . . . Kinetic . | . . . . . Secondary . | . . . . . Self-Inflicted Damage 5 | . . . 5 . Shots 1 | . . . 1 . Rammed . | . . . . . Targets Rammed 1 | . . 1 . . Kicked 1 | . . 1 . . Crushed . | . . . . . Highest Temperature 114 | 80 . . . 114 Average Temperature 36 | 41 . . . 33 Received Heat Transfer 702 | . . . . 702 Siege Activations . | . . . . . Martial Activations . | . . . . . Shielding Activations . | . . . . . Robots Disrupted . | . . . . . Combat Hostiles . | . . . . . Robots Corrupted . | . . . . . Combat Hostiles . | . . . . . Parts Fried 1 | . . . . 1 Impact Corruptions . | . . . . . Robots Melted . | . . . . . Combat Hostiles . | . . . . . Parts Melted . | . . . . . Heat Transferred 297 | 210 . . 37 50 Parts Sabotaged . | . . . . . Parts Stolen . | . . . . . Parts Stripped . | . . . . . Power Chain Reactions . | . . . . . Alert | -11 -10 -10 -10 -8 ------- Run | Yrd Mat Min Sub Mat Maximum Alert Level . | . . . . . Low Security (%) 100 | 100 100 100 . 100 Level 1 . | . . . . . Level 2 . | . . . . . Level 3 . | . . . . . Level 4 . | . . . . . Level 5 . | . . . . . High Security . | . . . . . Max Security . | . . . . . Peak Influence 145 | . 6 . . 145 Initial . | . . . . . Average 4 | . . . . 14 Influence Increases 207 | . 11 . . 196 Destroy 0b10 Robot/C 80 | . . . . 80 Destroy Leader 10 | . . . . 10 Successful Hack 11 | . 11 . . . Destroy Structure 1 | . . . . 1 Lose Combat Pursuer 105 | . . . . 105 Influence Decreases 62 | . 11 . . 51 Time Decay 32 | . 11 . . 21 Lost Part 30 | . . . . 30 Squads Dispatched 3 | . . . . 3 Investigation 2 | . . . . 2 Extermination . | . . . . . Reinforcement 1 | . . . . 1 Assault . | . . . . . Garrison . | . . . . . Intercept . | . . . . . Searches Triggered . | . . . . . Construction Impeded . | . . . . . Haulers Reinforced . | . . . . . Active Scanning Responses . | . . . . . Cargo Convoy Interrupts . | . . . . . Stealth | -11 -10 -10 -10 -8 --------- Run | Yrd Mat Min Sub Mat Distress Signals . | . . . . . Communications Jammed . | . . . . . Distress Signals . | . . . . . Times Spotted 27 | . 1 . 1 25 Peak Tracking Total 16 | . 1 . 1 16 Tactical Retreats 1 | . . . . 1 Traps | -11 -10 -10 -10 -8 ------- Run | Yrd Mat Min Sub Mat Traps Triggered 4 | . 2 1 . 1 Indirectly . | . . . . . Trap Hack Attempts . | . . . . . Triggered . | . . . . . Disarmed . | . . . . . Reprogrammed . | . . . . . Reused . | . . . . . Traps Extracted . | . . . . . Installed . | . . . . . Triggered . | . . . . . Machines | -11 -10 -10 -10 -8 ---------- Run | Yrd Mat Min Sub Mat Machines Disabled . | . . . . . Max in Single Turn . | . . . . . Machines Repaired . | . . . . . Machines Dismantled . | . . . . . Machines Sabotaged . | . . . . . Overloaded Fab Kills . | . . . . . Hacking | -11 -10 -10 -10 -8 --------- Run | Yrd Mat Min Sub Mat Machines Accessed 4 | . 2 1 . 1 Terminals 3 | . 2 . . 1 Fabricators . | . . . . . Repair Stations . | . . . . . Recycling Units . | . . . . . Scanalyzers . | . . . . . Garrison Access . | . . . . . Total Hacks 9 | . 4 1 . 4 Successful 7 | . 3 1 . 3 Failed 2 | . 1 . . 1 Catastrophic . | . . . . . Database Lockouts . | . . . . . Manual . | . . . . . Terminals 8 | . 4 . . 4 Fabricators . | . . . . . Repair Stations . | . . . . . Recycling Units . | . . . . . Scanalyzers . | . . . . . Garrison Access . | . . . . . Terminal Hacks 7 | . 3 1 . 3 Record 4 | . 1 . . 3 Open Door 1 | . . 1 . . Locate Traps 1 | . 1 . . . Hauler Manifests 1 | . 1 . . . Fabricator Hacks . | . . . . . Repair Station Hacks . | . . . . . Recycling Unit Hacks . | . . . . . Scanalyzer . | . . . . . Garrison Access Hacks . | . . . . . Unauthorized Hacks . | . . . . . Terminals . | . . . . . Fabricators . | . . . . . Repair Stations . | . . . . . Recycling Units . | . . . . . Scanalyzers . | . . . . . Garrison Access . | . . . . . Data Cores Recovered . | . . . . . Used . | . . . . . Hacking Detections 3 | . 2 . . 1 Full Trace Events 1 | . . . . 1 Feedback Events . | . . . . . Feedback Blocked . | . . . . . Robot Schematics Acquired . | . . . . . Robots Built . | . . . . . Authchips . | . . . . . Time . | . . . . . Total Robot Build Rating . | . . . . . Part Schematics Acquired . | . . . . . Parts Built . | . . . . . Authchips . | . . . . . Time . | . . . . . Total Part Build Rating . | . . . . . Part Studies Acquired . | . . . . . Parts Repaired . | . . . . . Time . | . . . . . Parts Recycled . | . . . . . Recycled Matter . | . . . . . Retrieved Matter . | . . . . . Retrieved Components . | . . . . . Parts Scanalyzed . | . . . . . Part Schematics Acquired . | . . . . . Parts Damaged . | . . . . . Bothacking | -11 -10 -10 -10 -8 ------------ Run | Yrd Mat Min Sub Mat Used RIF Installer . | . . . . . Robots Hacked . | . . . . . Non-combat . | . . . . . Combat . | . . . . . Robot Hacks Applied . | . . . . . Relay Couplers Released . | . . . . . Fabnet Peak Effective % . | . . . . . Robots Rewired . | . . . . . Allies Hacked . | . . . . . Hacks Repelled . | . . . . . Allies | -11 -10 -10 -10 -8 -------- Run | Yrd Mat Min Sub Mat Total Allies . | . . . . . Largest Group . | . . . . . Highest-Rated Group . | . . . . . Highest-Rated Ally . | . . . . . Total Orders . | . . . . . Ally Attacks . | . . . . . Total Damage . | . . . . . Kills . | . . . . . Allies Corrupted . | . . . . . Allies Melted . | . . . . . Intel | -11 -10 -10 -10 -8 ------- Run | Yrd Mat Min Sub Mat Active Infowar (turns) 875 | . 161 424 98 192 Sensors 875 | . 161 424 98 192 Robot Analysis Total . | . . . . . Derelict Logs Recovered 1 | . . 1 . . Drone Launches . | . . . . . Drone Recoveries . | . . . . . Exploration | -11 -10 -10 -10 -8 ------------- Run | Yrd Mat Min Sub Mat Turns Passed 1098 | 94 192 424 98 290 Spaces Moved 686 | 37 122 341 75 111 Core 56 | 9 . . . 47 Treads 2 | . . . . 2 Legs 628 | 28 122 341 75 62 Wheels . | . . . . . Hover . | . . . . . Flight . | . . . . . Fastest Speed 50 | 50 120 120 120 50 Average Speed 133 | 164 149 120 120 154 Slowest Speed 350 | 190 190 120 120 350 Overloaded Moves . | . . . . . Propulsion Burnouts . | . . . . . Robots Hopped . | . . . . . Potential Cave-ins . | . . . . . Cave-ins Triggered . | . . . . . Exploration Rate (%) 23 | 4 29 58 8 17 Regions Visited 4 Branch Regions 2 Pre-discovered Areas . | . . . . . Known Exits Taken . | . . . . . Unknown Exits Taken 4 | 1 1 1 1 . Scrap Searched 1 | . . 1 . . Spaces Dug . | . . . . . Terrain Destroyed 12 | . . . 11 1 Melee . | . . . . . Projectile 1 | . . . . 1 AOE 11 | . . . 11 . Terrain Rammed . | . . . . . Walls Destroyed . | . . . . . Machines Disabled . | . . . . . Actions | -11 -10 -10 -10 -8 --------- Run | Yrd Mat Min Sub Mat Total 831 | 61 131 357 79 203 Wait 67 | . . 4 . 63 Move 682 | 36 121 340 74 111 Hop . | . . . . . Pick Up 19 | 8 4 5 . 2 Fast Attach 8 | 4 1 . 1 2 Attach 13 | 2 4 1 . 6 Detach 1 | 1 . . . . Swap 3 | . 1 1 . 1 Drop 9 | 2 . 5 2 . Fire 28 | 8 . . 2 18 Melee . | . . . . . Ram . | . . . . . Kick 1 | . . 1 . . Crush . | . . . . . Escape Stasis . | . . . . . Rewire . | . . . . . Trap . | . . . . . Miscellaneous . | . . . . . Route ------- -11/Scrapyard -10/Materials -10/Mines (discovered 2 exits: [*Exi] / [*Sub]) -10/Subcaves -8/Materials History --------- Turn | Location | Event 18 | -11/Scrapyard | Discovered new exit (range 16) 95 | -11/Scrapyard | Entered Materials 229 | -10/Materials | Discovered new exit (range 16) 287 | -10/Materials | Entered Mines 293 | -10/Mines | Learned Materials stockpile data 309 | -10/Mines | Build established: Mutant 314 | -10/Mines | Met a Derelict bent on vengeance 335 | -10/Mines | Deemed a non-threat by the Exiles lab entrance 336 | -10/Mines | Discovered new exit (range 5) 446 | -10/Mines | Discovered new exit (range 10) 549 | -10/Mines | Met a Derelict who couldn't figure out how to use a Trap Extractor 711 | -10/Mines | Entered Subcaves 788 | -10/Subcaves | Shifting Twisted Machinery released Mak. Hacking Suite 797 | -10/Subcaves | Discovered new exit (range 11) 809 | -10/Subcaves | Entered Materials 809 | -8/Materials | Evolved 4 slots: Propulsion x2, Utility x1, Weapon x1 1035 | -8/Materials | Core integrity fell below 50% 1040 | -8/Materials | Released all parts (4) 1050 | -8/Materials | Lost 7 parts (1p2n1u3w) 1065 | -8/Materials | Core integrity fell below 20% 1099 | -8/Materials | Destroyed by G-47 Trooper with Particle Gun Last Messages --------------- [Achievement: Live, Flee, And Rebuild] 01042_ U-05 Engineer lays Concrete. 01053_ Acquired Prototype Energy Gun. 01053_ Identified Hvy. EM Shotgun. 01065_ Flight Unit fried. 01065_ S-10 Pest destroyed. 01076_ Acquired Corrupted Lgt. Assault Rifle. 01077_ Integrated Corrupted Lgt. Assault Rifle (+5). [Achievement: A Problem For Future Me] 01079_ G-47 Trooper suffers critical hit (Burn). 01079_ G-47 Trooper destroyed. 01080_ System corrupted: Matter fused (-7). 01085_ Critical hit (Burn: +37). 01087_ Hvy. EM Shotgun destroyed. 01089_ G-47 Trooper misfires. 01091_ G-47 Trooper IFF system glitched. 01092_ Acquired Lgt. Assault Rifle. [Achievement: Hydra] 01094_ G-47 Trooper destroyed. Map ----- +----------------------------------------------------+ | ?????????????????????????????????????????????????? | | ?????????????????????????????????????????????????? | | ??????????????????????????????????????????????#### | | ??????????????????????????????????????????????#[ | | ??????????????????????????????????????????????# | | ??????????????????????????????????????????????# | | ??????????????????????????????????????????????# | | ??????????????????????????????????????????????# | | ??????????????????????????????????????????????# | | ???????????????????????????????????????######## | | ?????????????????????????????? ###### ###+# | | ?????????????????????????????? | | ?????????????????????????????????????### T | | ???????????????????? ????????????????# | | ???????????????????# ????????????????# ##### | | ???????????????????# ????????????????## ##???? | | ???????????????????# ?????????????????# #????? | | ???????????????????# ?????????????##### #????? | | ???????????????????# #????????????#// #????? | | ???????????????????# #????????????#// #????? | | ???????????????????# #????????????#!! #????? | | ???????????????????# #????????????#!! #????? | | ???????????????????# #????????????#* #????? | | ???????????????????# #????????????#** #????? | | ???????????????????# ################## #????? | | ???????????????????# #=@ !# # #????? | | ???????????????????# #*% # """ """ # #????? | | ???????????????????# %g%=!"""# """ """ +| #????? | | ???????????????????# Y#%= """# """ """ #%! #????? | | ???????????????????# gg#= """# #* #????? | | ????????????######?# g # ########### #????? | | ????????????#] ?# #########????????# #????? | | ????????????# # #??????? ????????# #????? | | ????????????# ] # #??????? ?????# #????? | | ????????????# + #??????? """"" ??# #????? | | ????????????# ! # #??????? """"" ??# #????? | | ????????????# # #??????? """""???# #????? | | ????????????######## ##?????? ?????# #????? | | ??????????????????# ########+######## #????? | | ??????????????????# / ##???? | | ??????????????????# ! *%= %= "#???? | | ??????????????????# =!= """* """ T#???? | | ??????????????????# ####### """ """ "#???? | | ??????????????????#######?????# """ """ ##???? | | ??????????????????????????????# #????? | | ??????????????????????????????# #?!??? | | ??????????????????????????? """ """ #????? | | ???????????????????????? """ """ #????? | | ???????????????????????# """ """ #????? | | ???????????????????????+ #????? | +----------------------------------------------------+ Best States ------------- Heat Dissipation 31 Energy Generation 15 Energy Capacity 250 Matter Stores 300 Matter Capacity 300 Sight Range 16 Robot Scan Range 14 Terrain Scan Density 10 Evasion (%) 55 Recoil Reduction 2 Trap Extractor Capacity 6 Item Schematics ----------------- None Robot Schematics ------------------ None Fabricated ------------ Nothing Repaired ---------- Nothing Studied --------- None Alien Tech Used ----------------- None Achievements -------------- A Problem For Future Me Hydra Live, Flee, And Rebuild One Hack Too Far Shopping List Challenges ------------ None Game ------ Seed EnhancedServoMultirail Manual? 0 Play Time 00:19:50 Cumulative 1.9 hours Start 2025.12.25 @ 21:31:34 End 2025.12.25 @ 21:53:26 Sessions 1 Manual Loads 0 Difficulty Rogue Special Mode None Game No. 4 Rogue 4 Adventurer 0 Explorer 0 Win Type - Total 0 Types 0/0/0/0/0/0/0/0/0/0 Lore% 2 Gallery% 3 Achievement% 5 Wizard Run 0 Options --------- Layout 1 ASCII 0 Keyboard 0 Movement Vi Keybinds 1 Fullscreen 1 Font 24/Smallcaps Map View 50x35 Zoom Use 0% Tactical HUD 1 Map Filters NONE Filters NONE Steam 1 RUN: 317fc066-7644-4870-b9a8-c37f84c076e6